 Dungeon Crawl Stone Soup version 0.30-a0-219-gf2db51d15e (webtiles) character file.

Game seed: 6930471133622711962

9012 Ijustatesigmund the Fighter (level 11, -3/74 HPs)
             Began as a Gargoyle Fighter on Oct 7, 2022.
             Was a Priest of Cheibriados.
             Slain by a skeletal warrior
             ... wielding a +2 vorpal morningstar
              (18 damage)
             ... on level 13 of the Dungeon.
             The game lasted 00:23:39 (12477 turns).

Ijustatesigmund the Fighter (Gargoyle Fighter)     Turns: 12477, Time: 00:23:39

Health: -3/74      AC: 17    Str: 28    XL:     11   Next: 39%
Magic:  12/15      EV: 11    Int: 17    God:    Cheibriados [***...]
Gold:   579        SH:  9    Dex: 15    Spells: 10/10 levels left

rFire   . . .      SeeInvis .    g - +4 flail (protect)
rCold   + . .      Faith    .    c - +0 kite shield
rNeg    + + .      Spirit   .    b - +0 steam dragon scales
rPois   ∞          Reflect  .    w - +0 helmet
rElec   +          Harm     .    (no cloak)
rCorr   .          Rampage  .    (no gloves)
Will    .....                    h - +1 pair of boots
Stlth   +.........               (no amulet)
HPRegen 0.32/turn                z - ring of positive energy
MPRegen 0.14/turn                s - ring of protection from cold

@: mighty, very slow
A: sickness immunity, AC +8, negative energy resistance 1, electricity
resistance, torment resistance 1, petrification resistance
a: Renounce Religion, Bend Time, Temporal Distortion


You were on level 13 of the Dungeon.
You worshipped Cheibriados.
Cheibriados was most pleased with you.
You visited 2 branches of the dungeon, and saw 13 of its levels.

You collected 579 gold pieces.

Inventory:

Hand Weapons
 a - a +0 morningstar
 g - a +4 flail of protection (weapon)
Missiles
 o - a throwing net (quivered)
Armour
 b - +0 steam dragon scales (worn)
 c - a +0 kite shield (worn)
 h - a +1 pair of boots (worn)
 w - a +0 helmet (worn)
Jewellery
 e - an amulet of magic regeneration
 s - a ring of protection from cold (right hand)
 z - a ring of positive energy (left hand)
Wands
 i - a wand of mindburst (3)
 r - a wand of flame (19)
 y - a wand of digging (3)
 A - a wand of roots (13)
Scrolls
 q - a scroll of immolation
Potions
 d - a potion of might
 f - a potion of ambrosia
 j - a potion of flight
 k - 2 potions of magic
 l - a potion of curing
 m - 2 potions of attraction
 u - a potion of resistance
 v - a potion of mutation {unknown}


   Skills:
 + Level 11.3 Fighting
 + Level 10.1 Maces & Flails
 - Level 6.0 Armour
 - Level 3.2 Dodging
 + Level 4.9 Shields
 + Level 5.7 Invocations
 - Level 5.1 Evocations


You had 10 spell levels left.
You didn't know any spells.
Your spell library contained the following spells:

 Spells                   Type           Power      Damage    Failure   Level
 Freeze                   Ice            0%         1d3       54%         1
 Kiss of Death            Conj/Necr      0%         2d5       54%         1
 Magic Dart               Conj           0%         1d3       54%         1
 Searing Ray              Conj           0%         2d4       69%         2
 Confusing Touch          Hex            0%         N/A       89%         3
 Frozen Ramparts          Ice            0%         1d1       89%         3
 Gell's Gravitas          Tloc           0%         N/A       89%         3
 Hailstorm                Conj/Ice       0%         3d3       89%         3
 Inner Flame              Hex/Fire       0%         N/A       89%         3
 Kindle Blastsparks       Fire/Tloc/Air  0%         2d10      89%         3
 Lesser Beckoning         Tloc           0%         N/A       89%         3
 Teleport Other           Tloc           0%         N/A       89%         3
 Cause Fear               Hex            0%         N/A       100%        4
 Dispel Undead            Necr           0%         3d6       100%        4
 Fulminant Prism          Conj/Hex       0%         3d6       100%        4
 Iskenderun's Mystic Bla  Conj/Tloc      0%         2d3       100%        4
 Borgnjor's Vile Clutch   Necr/Erth      0%         N/A       100%        5
 Lee's Rapid Deconstruct  Erth           0%         3d5*      100%        5
 Conjure Ball Lightning   Conj/Air       0%         3x3d6     100%        6
 Discord                  Hex            0%         N/A       100%        8
 Infestation              Necr           0%         N/A       100%        8


Dungeon Overview and Level Annotations

Branches:
Dungeon (13/15)            Temple (1/1) D:7            Lair (0/5) D:10
    Orc (0/2) D:9
 Vaults: D:13-14

Altars:
Ashenzari
Cheibriados
Dithmenos
Elyvilon
Fedhas
Gozag
Hepliaklqana
Kikubaaqudgha
Makhleb
Nemelex Xobeh
Okawaru
Qazlal
Ru
Sif Muna
Trog
Uskayaw
Vehumet
Wu Jian
Xom
Yredelemnul
Zin
The Shining One

Shops:
D:4 !

Annotations:
D:13 2 transporters, Josephine


Innate Abilities, Weirdness & Mutations

You are immune to sickness and miasma.
Your stone body is resilient. (AC +8)
You are immune to poison.
You resist negative energy. (rN+)
You are resistant to electric shocks. (rElec)
You are resistant to unholy torment.
You are immune to petrification.


Message History

You feel very mighty all of a sudden.
You hear an angry buzzing noise.
The howler monkey hoots and howls with incredible vigour!
You hear a shout! x6
The howler monkey hoots and howls with incredible vigour!
The shadow slips into darkness.
The shadow flickers and vanishes!
Deactivating autopickup; reactivate with Ctrl-A.
The howler monkey hoots and howls with incredible vigour!
You hear an angry buzzing noise.
You hear a shout! x2
The howler monkey hoots and howls with incredible vigour!
The shadow strikes at you from the darkness!
* * * LOW HITPOINT WARNING * * *
Reactivating autopickup.
The howler monkey hits you but does no damage.
The cyan ugly thing basks in the mutagenic energy from its kin and changes!
You hear a shout!
There is an open door here.
The flow of time bends around you.
Cheibriados rebukes the howler monkey.
The howler monkey seems to slow down.
Cheibriados rebukes the shadow.
The shadow seems to slow down.
The shadow hits you.
The cyan ugly thing basks in the mutagenic energy from its kin and changes!
The shadow hits you.
A meliai comes into view. It is wielding a +0 war axe.
The shadow hits you!
* * * LOW HITPOINT WARNING * * *
The skeletal warrior throws a poisoned dart.
The poisoned dart barely misses you.
The poisoned dart misses the howler monkey.
The howler monkey hoots and howls with incredible vigour!
The howler monkey closely misses you.
The skeletal warrior throws a poisoned dart.
The poisoned dart hits you!
You hear an angry buzzing noise.
The howler monkey hoots and howls with incredible vigour!
The red ugly thing kicks you but does no damage.
The skeletal warrior hits you with a +2 vorpal morningstar!!
You die...

............. ..?.......#
..........# ..........##
...........##### >........yh#...#
..........uW...#######.
.........h##uh.#......
..........##.@.#..... .#
.##############.z.#.... ..#
.........# #....... ..# '#
.........# #....... ..##'####
.........######...#.### #.#......
...............####.z####.#......
.................W.....##.#.c.c..
.................))...z'..#..cc..
....................)..##.WzW.z..


You could see 2 ugly things, 3 skeletal warriors, a shadow (slow), a meliai and
2 howler monkeys.

Vanquished Creatures
  A cyclops (D:9)
  An ugly thing (D:13)
  A kobold demonologist (D:9)
  An unseen horror (D:10)
  2 trolls
  2 hornets
  2 slime creatures
  4 yaks (D:10)
  A wyvern (D:9)
  A basilisk (D:7)
  A vampire (D:7)
  5 vampire mosquitoes
  2 steam dragons
  2 acid dragons (D:9)
  2 water moccasins
  An orc warrior (D:9)
  2 sky beasts
  2 ice beasts
  3 ogres
  7 centaurs
  3 bullfrogs
  A kobold brigand (D:7)
  A scorpion (D:6)
  16 wights
  2 howler monkeys
  5 electric eels
  A crimson imp (D:4)
  9 orc priests
  6 hounds
  8 jellies
  A gnoll bouda (D:8)
  14 orc wizards
  2 iguanas
  10 gnolls
  4 adders
  A white imp (D:5)
  An ufetubus (D:4)
  A worm (D:3)
  5 dart slugs
  41 orcs
  4 ball pythons
  4 bats
  15 endoplasms
  3 giant cockroaches
  4 goblins
  5 hobgoblins
  3 jackals (D:1)
  10 kobolds
  3 quokkas
  2 frilled lizards
  7 rats
235 creatures vanquished.

Vanquished Creatures (others)
  A shadow imp (D:6)
  9 fungi (D:9)
  12 plants
22 creatures vanquished.

Grand Total: 257 creatures vanquished

Notes
Turn   | Place    | Note
-------+----------+-------------------------------------------
     0 | D:1      | Ijustatesigmund the Gargoyle Fighter began the quest for
                  | the Orb.
     0 | D:1      | Reached XP level 1. HP: 14/14 MP: 1/1
   132 | D:1      | Reached XP level 2. HP: 19/19 MP: 2/2
   182 | D:1      | Reached XP level 3. HP: 17/24 MP: 3/3
   192 | D:1      | Reached skill level 4 in Fighting
   483 | D:1      | Found a faded altar of an unknown god.
   914 | D:2      | Found an ancient bone altar of Kikubaaqudgha.
  1367 | D:2      | Reached XP level 4. HP: 25/30 MP: 4/4
  1420 | D:3      | Reached XP level 5. HP: 19/34 MP: 5/5
  1564 | D:3      | Reached skill level 5 in Fighting
  2327 | D:4      | Noticed an ogre
  2333 | D:4      | Killed an ogre
  2334 | D:4      | Reached XP level 6. HP: 40/40 MP: 6/6
  2834 | D:4      | Found a radiant altar of Vehumet.
  2834 | D:4      | Found a burning altar of Makhleb.
  2850 | D:4      | Found Olisch's Distillery.
  3490 | D:5      | Entered Level 5 of the Dungeon
  3540 | D:5      | Reached skill level 6 in Fighting
  3540 | D:5      | Reached skill level 5 in Maces & Flails
  3540 | D:5      | Reached XP level 7. HP: 46/46 MP: 7/7
  4063 | D:5      | Reached skill level 5 in Armour
  4295 | D:5      | Reached XP level 8. HP: 52/52 MP: 8/8
  4425 | D:5      | Reached skill level 7 in Fighting
  4756 | D:6      | Found an ornate altar of the Wu Jian Council.
  4985 | D:6      | Reached skill level 1 in Evocations
  5471 | D:6      | Found a glowing golden altar of the Shining One.
  5542 | D:6      | Reached skill level 8 in Fighting
  5542 | D:6      | Reached XP level 9. HP: 58/59 MP: 9/9
  5895 | D:7      | Found a broken altar of Ashenzari.
  5929 | D:7      | Found a sparkling altar of Nemelex Xobeh.
  5929 | D:7      | Found a transporter.
  6008 | D:7      | Found a bloodstained altar of Trog.
  6221 | D:7      | Found a staircase to the Ecumenical Temple.
  6548 | Temple   | Entered the Ecumenical Temple
  6725 | D:7      | Got the Lectures on Damaging Left-Handed Magic
  6870 | D:7      | Reached skill level 9 in Fighting
  7488 | D:7      | Found an opulent altar of Gozag.
  7515 | D:7      | Reached skill level 5 in Evocations
  7519 | D:7      | Reached XP level 10. HP: 50/66 MP: 10/10
  7819 | Temple   | Became a worshipper of Cheibriados the Contemplative
  8202 | D:8      | Reached skill level 1 in Invocations
  8293 | D:8      | Found a blossoming altar of Fedhas.
  8524 | D:8      | Reached skill level 1 in Dodging
  8813 | D:8      | Reached skill level 10 in Fighting
  8893 | D:8      | Noticed a cyan ugly thing
  9213 | D:9      | Reached * piety under Cheibriados
  9503 | D:9      | Noticed a cyclops
  9512 | D:9      | Killed a cyclops
  9876 | D:9      | Noticed a kobold demonologist
 10311 | D:9      | Reached ** piety under Cheibriados
 10505 | D:9      | Found a staircase to the Orcish Mines.
 10584 | D:9      | Found a shimmering blue altar of Sif Muna.
 10897 | D:10     | Entered Level 10 of the Dungeon
 10900 | D:10     | Found a staircase to the Lair.
 11028 | D:9      | Noticed a sun demon
 11033 | D:9      | Killed a kobold demonologist
 11034 | D:9      | Reached XP level 11. HP: 38/73 MP: 14/14
 11377 | D:10     | Reached skill level 11 in Fighting
 11377 | D:10     | Reached skill level 5 in Invocations
 11837 | D:10     | Found a hide-covered altar of Uskayaw.
 11917 | D:10     | Reached skill level 10 in Maces & Flails
 11974 | D:10     | You fall into a shaft and drop 3 floors!
 12047 | D:13     | Found a transporter.
 12048 | D:13     | Noticed a two-headed ogre
 12048 | D:13     | Noticed an orc knight
 12048 | D:13     | Noticed a two-headed ogre
 12049 | D:13     | Noticed a cyclops
 12049 | D:13     | Noticed a stone giant
 12049 | D:13     | Noticed an orc high priest
 12049 | D:13     | Noticed an orc knight
 12049 | D:13     | Noticed an orc high priest
 12050 | D:13     | Noticed an orc knight
 12182 | D:13     | Identified the amulet of Irhideama {Faith Rampage rC+}
 12183 | D:13     | Noticed an orc knight
 12184 | D:13     | Noticed an ettin
 12185 | D:13     | Found a transporter.
 12325 | D:13     | Noticed a green ugly thing
 12340 | D:13     | Killed a green ugly thing
 12453 | D:13     | Reached *** piety under Cheibriados
 12457 | D:13     | Noticed a skeletal warrior
 12464 | D:13     | Noticed a centaur warrior
 12464 | D:13     | Noticed a skeletal warrior
 12464 | D:13     | Noticed a skeletal warrior
 12464 | D:13     | Noticed a skeletal warrior
 12464 | D:13     | Noticed Josephine
 12467 | D:13     | Noticed a purple ugly thing
 12467 | D:13     | Noticed a cyan ugly thing
 12477 | D:13     | Slain by a skeletal warrior

Illustrated notes

Levels and vault maps discovered:
D:1:      matt_arrival_refuge, layout_basic, shapermc_ecumenical_altar_acropolis
D:2:      layout_basic, basic_altar, chequers_garden, minivault_14
D:3:      layout_loops_ring
D:4:      layout_layer_cave, grunt_temple_overflow_lords_of_destruction,
          serial_shops, shop_coins
D:5:      layout_layer_cave, minivault_5
D:6:      layout_basic, nzn_wu_jian_council_hall, marbit_many_paths,
          serial_bayou, serial_bayou_pond_e, serial_bayou_shore_b,
          serial_bayou_pond_e, serial_bayou_pond_c, serial_bayou_shore_a,
          serial_bayou_pond_e, chequers_serial_rivers_room_b, patterned_corridor
D:7:      minmay_recursive_quarters, layout_loops_ring, lemuel_doored_altar,
          grunt_nemelex_the_gamble, lemuel_round_altar,
          nicolae_ashenzari_skybound, minmay_temple_entry_mist,
          grunt_decor_resistance, chequers_serial_rivers_small_a,
          minmay_crystal_water
D:8:      layout_basic, mainiacjoe_overflow_24_doors, serial_curves,
          eino_curves_04, eino_curves_01, roderic_lattice_a,
          lightli_corner_chamber
D:9:      lemuel_slime, layout_stronghold, led_sif_book
D:10:     layout_gridville, mainiacjoe_overflow_chevrons,
          erik_lair_orcish_takeover
D:12:     minmay_s_stair_smasher, layout_rooms
D:13:     gammafunk_beogh_shrine, layout_basic, grunt_vaults_entry_fortified,
          gammafunk_ghost_fury_of_okawaru, uniq_josephine
Temple:   chequers_temple_sunken

Skill      XL: |  1  2  3  4  5  6  7  8  9 10 11 |
---------------+----------------------------------+-----
Fighting       | 4 5 6 8 9 10 11 | 11.3
Maces & Flails | 3 4 5 7 8 9 10 | 10.1
Armour         | 4 5 6 |  6.0
Evocations     | 2 5 |  5.1
Invocations    | 4 5 |  5.7
Dodging        | 3 |  3.2
Shields        | 4 |  4.9

Action                   |  1- 3 |  4- 6 |  7- 9 | 10-12 || total
-------------------------+-------+-------+-------+-------++-------
Melee: Flail             |    85 |   145 |   296 |   282 ||   808
Throw: Throwing net      |       |     1 |       |     1 ||     2
Invok: Bend Time         |       |       |       |     4 ||     4
Evoke: Wand              |       |       |    13 |    16 ||    29
  Use: Scroll            |     7 |     4 |     4 |    16 ||    31
       Potion            |     2 |     2 |     7 |     8 ||    19
 Stab: Distracted        |       |       |       |     1 ||     1
Armor: Scale mail        |    64 |   112 |   117 |       ||   293
       Steam dragon scal |       |       |   103 |   182 ||   285
       Skin              |       |       |       |    20 ||    20
Dodge: Dodged            |    57 |    69 |   168 |   141 ||   435
Block: Buckler           |    24 |    28 |    65 |    26 ||   143
       Kite shield       |       |       |       |    50 ||    50

Table legend: (Time is in decaauts)
 A = Elapsed time spent in this place.
 B = Non-inter-level travel time spent in this place.
 C = Inter-level travel time spent in this place.
 D = Time resting spent in this place.
 E = Time spent auto-exploring this place.
 F = Levels seen in this place.
 G = Mean time per level.
                   A        B        C        D        E       F      G
               +--------+--------+--------+--------+--------+-----+--------+
         Total |  13654 |  13002 |    652 |   2031 |   8763 |  13 | 1050.3 |
       Dungeon |  13374 |  12752 |    622 |   2031 |   8553 |  12 | 1114.5 |
        Temple |    279 |    249 |     30 |      0 |    209 |   1 |  279.0 |
               +--------+--------+--------+--------+--------+-----+--------+

Top non-repeatable levels by time:
     D:9: 2578 daAuts
     D:7: 2062 daAuts
     D:5: 1257 daAuts
     D:8: 1209 daAuts
     D:4: 1180 daAuts
     D:6: 1151 daAuts
     D:3: 944 daAuts
    D:10: 903 daAuts
     D:1: 755 daAuts
    D:13: 673 daAuts
     D:2: 652 daAuts
  Temple: 279 daAuts
    D:12: 4 daAuts
